 Dungeon Crawl Stone Soup version 0.23-a0-151-gf6d1ed2 (webtiles) character file.

387 EvilAliv3 the Distorting Demonspawn (level 6, -2/49 HPs)
             Began as a Demonspawn Abyssal Knight on Sept 8, 2018.
             Was a Believer of Lugonu.
             Slain by an ogre
             ... wielding a +0 giant club
              (17 damage)
             ... on level 5 of the Dungeon.
             The game lasted 00:22:00 (4964 turns).

EvilAliv3 the Distorting Demonspawn (DsAK)          Turns: 4964, Time: 00:22:01

Health: -2/49      AC: 11    Str: 14    XL:     6   Next: 49%
Magic:  9/9        EV: 10    Int: 13    God:    Lugonu [**....]
Gold:   234        SH:  0    Dex: 13    Spells: 5/5 levels left

rFire    . . .     SeeInvis .   t - +0 war axe
rCold    . . .     Gourm    .   (no shield)
rNeg     . . .     Faith    .   e - +0 ring mail
rPois    .         Spirit   .   m - +2 helmet
rElec    .         Reflect  .   (no cloak)
rCorr    .         Harm     .   g - +0 pair of gloves
MR       .....                  (no boots)
Stlth    +.........             (no amulet)
HPRegen  0.16/turn              (no ring)
MPRegen  0.11/turn              (no ring)

@: no status effects
A: claws 1, icy blue scales 1, powered by death 1
a: Depart the Abyss, Bend Space, Renounce Religion


You were on level 5 of the Dungeon.
You worshipped Lugonu.
Lugonu was pleased with you.
You were not hungry.

You visited 1 branch of the dungeon, and saw 5 of its levels.
You visited the Abyss 1 time.

You collected 234 gold pieces.

Inventory:

Hand Weapons
 t - a +0 war axe (weapon)
Missiles
 k - 3 javelins (quivered)
 o - a throwing net
Armour
 e - a +0 ring mail (worn)
 g - a +0 pair of gloves (worn)
 m - a +2 helmet (worn)
Scrolls
 b - a scroll of magic mapping {unknown}
 d - 2 scrolls of teleportation
 f - 2 scrolls of fog {unknown}
 i - a scroll of amnesia {unknown}
 j - 3 scrolls of immolation
 n - a scroll of random uselessness {unknown}
 r - 2 scrolls of enchant armour {unknown}
 s - 2 scrolls of remove curse {unknown}
 v - 2 scrolls of identify
Potions
 h - a potion of haste
 l - 3 potions of invisibility
 p - 2 potions of berserk rage {unknown}
 q - a potion of lignification {unknown}
 u - a potion of agility
 w - a potion of brilliance {unknown}
Comestibles
 c - 14 rations


   Skills:
 + Level 4.4 Fighting
 * Level 4.6 Axes
 - Level 1.7 Armour
 - Level 0.8 Dodging
 + Level 4.9 Invocations


You had 5 spell levels left.
You didn't know any spells.
Your spell library was empty.

Dungeon Overview and Level Annotations

Branches:
Dungeon (5/15)             Temple (0/1) D:4

Altars:


Innate Abilities, Weirdness & Mutations

You have sharp fingernails.
You are partially covered in icy blue scales. (AC +2)
You regenerate a little health from kills.


Message History

* * * LOW HITPOINT WARNING * * *
An orc wizard comes into view. It is wielding a dagger.
The orc wizard shouts!
The ogre hits you with a giant club. The orc wizard casts a spell at you.
You resist with some effort.
The orc wizard casts a spell.
The orc wizard flickers and vanishes!
Deactivating autopickup; reactivate with Ctrl-A.
A magic dart appears from out of thin air!
The magic dart hits you!
There is a stone staircase leading up here.
You closely miss the ogre. The ogre hits you but does no damage.
You hit the ogre.
The ogre is lightly wounded.
The ogre hits you with a giant club!
You slash the ogre!
The ogre is heavily wounded.
The ogre hits you with a giant club!
You die...

...#............#
...............##
#...#.........##
##...###.....## .
##...#########
#######.#
###...##
##....#..#
.......#
##........#
.......##
#..........
#####...###
#..@.......
####..##
#..O.......
##..###..........
###..##.........
###...........
##..........
##.........
#.#.......
##.#......


You could see an ogre.

Vanquished Creatures
  A scorpion (D:4)
  A hound (D:4)
  A bullfrog skeleton (D:4)
  Natasha (D:4)
  2 worker ants
  A hound skeleton (D:4)
  5 gnolls
  A howler monkey skeleton (D:4)
  3 adders
  2 oozes
  4 worms
  3 dart slugs
  6 leopard geckos
  An orc (D:5)
  3 ball pythons
  6 bats
  5 giant cockroaches
  6 goblins
  9 hobgoblins
  7 jackals
  3 quokkas
  6 frilled lizards
  5 kobolds
  7 rats
89 creatures vanquished.

Notes
Turn   | Place    | Note
-------+----------+-------------------------------------------
     0 | Abyss:1  | EvilAliv3 the Demonspawn Abyssal Knight began the quest for
                  | the Orb.
     0 | Abyss:1  | Reached XP level 1. HP: 18/18 MP: 2/2
   109 | Abyss:1  | Noticed a large abomination
   110 | D:1      | Escaped the Abyss
   166 | D:1      | Gained mutation: You regenerate a little health from kills.
                  | [demonic ancestry]
   166 | D:1      | Reached XP level 2. HP: 4/24 MP: 4/4
   699 | D:1      | Reached * piety under Lugonu
   962 | D:1      | Reached XP level 3. HP: 24/29 MP: 5/5
  1714 | D:2      | Reached XP level 4. HP: 33/35 MP: 6/6
  1753 | D:2      | Reached ** piety under Lugonu
  3233 | D:4      | Gained mutation: You have sharp fingernails. [demonic
                  | ancestry]
  3233 | D:4      | Reached XP level 5. HP: 34/42 MP: 6/8
  3655 | D:4      | Gained mutation: You are partially covered in icy blue
                  | scales. (AC +2) [demonic ancestry]
  3655 | D:4      | Reached XP level 6. HP: 46/48 MP: 9/9
  4041 | D:4      | Found a staircase to the Ecumenical Temple.
  4088 | D:4      | Noticed Natasha
  4111 | D:4      | Killed Natasha
  4545 | D:5      | Entered Level 5 of the Dungeon
  4964 | D:5      | Slain by an ogre

Vault maps used:
D:1:      ncdulo_wetmaze
D:3:      first_ration
D:4:      minmay_temple_entry_glassed_door, uniq_natasha

Skill      XL: |  1  2  3  4  5 |
---------------+----------------+-----
Axes           | 2 3 4 |  4.6
Invocations    | 3 4 |  4.9
Fighting       | 4 |  4.4
Armour         | |  1.7
Dodging        | |  0.8

Action                   |  1- 3 |  4- 6 || total
-------------------------+-------+-------++-------
Melee: Hand axe          |   156 |    69 ||   225
       War axe           |       |   168 ||   168
Invok: Depart the Abyss  |     1 |       ||     1
  Use: Scroll            |       |     6 ||     6
       Potion            |       |     3 ||     3
  Eat: Chunk             |     3 |     8 ||    11
       Ration            |       |     1 ||     1
Armor: Ring mail         |    57 |   126 ||   183
Dodge: Dodged            |    82 |   115 ||   197

Table legend:
 A = Non-vault XP
 B = Vault XP
 C = Vault XP percentage of total XP
 D = Non-vault monster count
 E = Vault monster count
 F = Vault count percentage of total count
                 A         B        C        D         E       F
            +---------+---------+-------+---------+---------+-------
      Total |     517 |      36 |   6.5 |      88 |       1 |   1.1
            +---------+---------+-------+---------+---------+-------
        D:1 |      63 |       0 |   0.0 |      25 |       0 |   0.0
        D:2 |      68 |       0 |   0.0 |      27 |       0 |   0.0
        D:3 |      64 |       0 |   0.0 |      16 |       0 |   0.0
        D:4 |     279 |      36 |  11.4 |      15 |       1 |   6.2
        D:5 |      43 |       0 |   0.0 |       5 |       0 |   0.0
            +---------+---------+-------+---------+---------+-------
